Map: Mech-Depot LE

Players

Panda

  • Race: Zerg Zerg
  • League: Platinum
  • Spawn Location: 7:00

Kellyn - Winner!

  • Race: Protoss Protoss
  • League: Platinum
  • Spawn Location: 1:00

VOD

Have the link to the VOD?

Description

Time

  • Played on: Aug. 30, 2017, 4:35 p.m.
  • Length: 5:57
Show
View Real Time Build Order
Export as new Build Order

Panda Zerg 

Build Orders: Pool Only, Ravager All-In 

Get SALT Encoding   

  12  0:18  Spawning Pool  
  11  0:22  Drone  
  11  0:28  Drone  
  13  0:32  Drone  
  14  0:37  Extractor  
  14  0:38  Drone  
  14  0:43  Extractor  
  14  0:45  Drone  
  14  0:57  Overlord  
  14  1:15  Zergling x2  
  15  1:28  Roach Warren  
  15  1:30  Drone  
  15  1:32  Zergling x2  
  16  1:38  Overlord  
  16  1:53  Overlord  
  16  2:15  Roach x2  
  20  2:21  Roach  
  22  2:50  Ravager x3  
  24  2:56  Roach x3  
  30  3:19  Roach x2  
  34  3:33  Ravager  
  35  3:37  Roach  
  36  4:36  Ravager  
  26  4:51  Ravager  
  25  5:09  Ravager  
  23  5:22  Roach x2  
  23  5:23  Roach  
Show
View Real Time Build Order
Export as new Build Order

Kellyn Protoss - Winner!

Build Orders:  

Get SALT Encoding   

  12  0:01  Probe (Chrono Boost)  
  13  0:12  Probe (Chrono Boost)  
  14  0:19  Pylon  
  14  0:22  Probe (Chrono Boost)  
  15  0:37  Probe (Chrono Boost)  
  15  0:40  Gateway  
  16  0:48  Probe (Chrono Boost)  
  17  0:54  Assimilator  
  17  0:58  Probe (Chrono Boost)  
  18  1:09  Probe (Chrono Boost)  
  19  1:19  Gateway  
  19  1:22  Forge  
  19  1:26  Pylon  
  19  1:37  Zealot (Chrono Boost)  
  21  1:49  Probe  
  22  2:01  Photon Cannon, Probe  
  23  2:20  Zealot (Chrono Boost), Pylon  
  25  2:25  Pylon  
  25  2:36  Photon Cannon  
  25  2:43  Nexus  
  24  3:00  Cybernetics Core  
  24  3:14  Probe  
  24  3:18  Pylon  
  25  3:21  Assimilator  
  25  3:23  Pylon  
  25  3:26  Probe  
  26  3:37  Warp Gate  
  26  3:38  Probe  
  27  3:46  Stalker (Chrono Boost)  
  29  3:54  Mothership Core  
  27  4:05  Probe  
  28  4:16  Pylon  
  28  4:17  Probe  
  27  5:07  Gateway  
  27  5:27  Mothership Core  
  25  5:30  Stargate  
  27  5:35  Gateway  
  27  5:38  Gateway  
  27  5:44  Pylon  
  27  5:49  Photon Cannon  
Tags
 
Matchup
PvZ
Opening
Pool Only
Replay Pack
replays1
Spawn Locations
Cross Positions
Add a new tag
Caveats
  • Supply blocks, unpowered buildings, or Contaminate may cause inaccurate times.
  • Supply counts are checked every 10 seconds.